 Dungeon Crawl Stone Soup version 0.22-a0-240-g539252a (webtiles) character file.

133 Amnesiac the Charlatan (level 4, -2/23 HPs)
             Began as a Spriggan Artificer on Feb 21, 2018.
             Was an Initiate of Gozag.
             Slain by an ogre
             ... wielding a +0 giant club
              (17 damage)
             ... on level 6 of the Dungeon.
             The game lasted 00:11:21 (3773 turns).

Amnesiac the Charlatan (Spriggan Artificer)         Turns: 3773, Time: 00:11:21

Health: -2/23      AC:  2    Str:  9    XL:     4   Next: 94%
Magic:  9/9        EV: 19    Int: 12    God:    Gozag
Gold:   95         SH:  0    Dex: 16    Spells: 3/3 levels left

rFire    . . .     SeeInvis +   a - +0 short sword
rCold    . . .     Gourm    .   (shield restricted)
rNeg     . . .     Faith    .   b - +0 robe
rPois    .         Spirit   .   (helmet restricted)
rElec    .         Reflect  .   (no cloak)
rCorr    .         Harm     .   (gloves unavailable)
MR       .....                  (boots unavailable)
Stlth    ++........             (no amulet)
HPRegen  0.07/turn              (no ring)
MPRegen  0.11/turn              (no ring)

@: very quick
A: very small, unfitting armour, see invisible, herbivore, speed 3, slow
metabolism 2
a: Potion Petition, Call Merchant, Bribe Branch, Renounce Religion


You were on level 6 of the Dungeon.
You worshipped Gozag.
Gozag was noncommittal.
You were not hungry.

You visited 2 branches of the dungeon, and saw 7 of its levels.

You collected 200 gold pieces.
You paid 105 gold pieces to Gozag.

Inventory:

Hand Weapons
 a - a +0 short sword (weapon)
 q - a +0 spear
Missiles
 g - 64 stones (quivered)
 s - 13 poisoned needles
Armour
 b - a +0 robe (worn)
Jewellery
 h - an uncursed ring of resist corrosion {unknown}
Wands
 c - a wand of flame (27)
 d - a wand of enslavement (3)
 e - a wand of random effects (7)
 p - a wand of polymorph (18)
Scrolls
 i - 3 scrolls of enchant weapon {!r, unknown}
 k - 3 scrolls of remove curse {!r, unknown}
 l - 2 scrolls of enchant armour {!r, unknown}
 m - 7 scrolls of identify {!r, unknown}
 o - 2 scrolls of random uselessness {!r, unknown}
 r - a scroll of magic mapping {!r, unknown}
 t - a scroll of teleportation {!r, unknown}
Potions
 j - a potion of curing {!q, unknown}
 n - 2 potions of agility {!q, unknown}
 u - 2 potions of flight {!q, unknown}
Comestibles
 f - 7 rations


   Skills:
 + Level 1.8 Fighting
 - Level 2.0 Short Blades
 + Level 4.3 Dodging
 - Level 2.1 Stealth
 * Level 5.7 Evocations


You had 3 spell levels left.
You didn't know any spells.

Dungeon Overview and Level Annotations

Branches:
Dungeon (6/15)             Temple (1/1) D:6

Altars:
Ashenzari
Elyvilon
Gozag
Kikubaaqudgha
Makhleb
Nemelex Xobeh
Sif Muna
Trog
Uskayaw
Vehumet
Wu Jian
The Shining One

Annotations:
D:2 Natasha, Sigmund
D:4 Blork the orc


Innate Abilities, Weirdness & Mutations

You are very small and have problems with some larger weapons.
You are too small for most types of armour.
You have supernaturally acute eyesight. (SInv)
You are a herbivore.
You cover ground extremely quickly.
You need consume almost no food.


Message History

t - Shout!
Orders for allies: a - Attack new target. p - Attack previous target. r - Retreat! s - Stop attacking. g - Guard the area. f - Follow me.
Anything else - Cancel.
Guard this area!
The killer bee stings your killer bee.
Your killer bee stings the killer bee.
The ogre closely misses your killer bee.
Your killer bee stings the killer bee.
The killer bee misses your killer bee. The killer bee misses your killer bee.
The ogre closely misses your killer bee.
The ogre hits your killer bee with a giant spiked club!!
Your killer bee dies!
Evoke which item? (* to show all) (? for menu, Esc to quit)
Aiming: Enslavement
Press: ? - help, Shift-Dir - straight line, f - killer bee
Aim: a killer bee (moderately wounded, chance to defeat MR: 71%)
The killer bee is charmed.
The killer bee stings your killer bee.
The ogre closely misses your killer bee.
The killer bee stings your killer bee.
The ogre closely misses your killer bee.
The killer bee misses your killer bee.
The killer bee barely misses your killer bee.
The ogre misses your killer bee.
The ogre hits your killer bee with a giant spiked club!
Found a scroll labeled FEACZA ACACHO.
Something stings your killer bee but does no damage.
Something misses your killer bee.
You feel a bit more experienced.
You feel a bit more experienced.
i - 3 scrolls labeled FEACZA ACACHO {!r} (gained 1)
A bullfrog comes into view.
The bullfrog moves out of view.
The bullfrog hits you.
* * * LOW HITPOINT WARNING * * *
Found a staircase to the Ecumenical Temple.
You hear the slow hiss of a very distant avalanche of sand.
There is a staircase to the Ecumenical Temple here.
You climb downwards.
Welcome to the Ecumenical Temple!
There is a staircase back to the Dungeon here.
Found a radiant altar of Vehumet.
Found a burning altar of Makhleb.
Found a shattered altar of Ashenzari.
Found a bloodstained altar of Trog.
There is a radiant altar of Vehumet here.
Found a hide-covered altar of Uskayaw.
Found an ornate altar of the Wu Jian Council.
Found an opulent altar of Gozag and a glowing golden altar of the Shining One.
There is a hide-covered altar of Uskayaw here.
There is an opulent altar of Gozag here.
You kneel at the altar of Gozag.
Gozag welcomes you!
You pay a service fee of 105 gold.
Gozag offers you a free set of potion effects!
There is an ornate altar of the Wu Jian Council here.
There is a burning altar of Makhleb here.
There is a staircase back to the Dungeon here.
You climb upwards.
Welcome back to the Dungeon!
You hear the hiss of flowing sand.
There is an entrance to an ossuary on this level.
Hurry and find it before the portal is buried!
The bullfrog misses you. The ogre hits you with a giant club!
Ouch! That really hurt!
You die...
Your body crumbles into a pile of gold.

...§........§..
..§........§.§.
...........§§..
...............
§§.............
...............
...§........§..
§..§..O...§§.§.
.§....F@.......
###############


You could see an ogre and a bullfrog.

Vanquished Creatures
  4 adders
  An ooze (D:2)
  2 leopard geckos
  2 orcs
  A bat (D:3)
  2 giant cockroaches
  2 hobgoblins
  7 jackals (D:3)
  A kobold (D:3)
  A quokka (D:4)
  2 frilled lizards
  2 rats
27 creatures vanquished.

Vanquished Creatures (collateral kills)
  A scorpion (D:4)
  A killer bee (D:6)
  A leopard gecko (D:4)
  An orc (D:4)
  A giant cockroach (D:3)
  A jackal (D:3)
  A rat (D:3)
7 creatures vanquished.

Vanquished Creatures (others)
  3 killer bees (D:6)
  An orc priest (D:5)
  A jelly (D:6)
  A hound skeleton (D:4)
  A jackal (D:6)
7 creatures vanquished.

Grand Total: 41 creatures vanquished

Notes
Turn   | Place    | Note
-------+----------+-------------------------------------------
     0 | D:1      | Amnesiac the Spriggan Artificer began the quest for the Orb.
     0 | D:1      | Reached XP level 1. HP: 9/9 MP: 4/4
    66 | D:2      | Reached skill level 1 in Fighting
    66 | D:2      | Reached XP level 2. HP: 13/14 MP: 6/6
   400 | D:2      | Reached XP level 3. HP: 12/18 MP: 7/7
   602 | D:2      | Found a sparkling altar of Nemelex Xobeh.
   602 | D:2      | Noticed Sigmund
   606 | D:2      | Noticed Natasha
  1123 | D:4      | Found an ancient bone altar of Kikubaaqudgha.
  1173 | D:4      | Noticed Blork the orc
  1188 | D:4      | Noticed a scorpion
  1204 | D:4      | Killed a scorpion
  1204 | D:4      | Reached skill level 5 in Evocations
  1359 | D:4      | Found a deep blue altar of Sif Muna.
  1630 | D:4      | Reached XP level 4. HP: 22/22 MP: 8/8
  2080 | D:4      | HP: 1/22 [Blork the orc/magic dart (5)]
  2340 | D:5      | Entered Level 5 of the Dungeon
  2544 | D:5      | Found a white marble altar of Elyvilon.
  2545 | D:5      | Noticed an ice beast
  3604 | D:6      | Noticed an ogre
  3613 | D:6      | Noticed an ogre
  3678 | D:6      | Noticed a bullfrog
  3694 | D:6      | Found a staircase to the Ecumenical Temple.
  3703 | Temple   | Entered the Ecumenical Temple
  3744 | Temple   | Became a worshipper of Gozag Ym Sagoz the Greedy
  3773 | D:6      | Slain by an ogre

Vault maps used:
D:1:      dpeg_arrival_pond
D:2:      nicolae_overflow_hidden_temple, grunt_ministairs_15, uniq_natasha,
          uniq_robin, uniq_sigmund
D:3:      first_ration
D:4:      lemuel_doored_altar, lemuel_crystal_altar, uniq_blork_the_orc
D:5:      lemuel_round_altar
D:6:      lemuel_temple_firewalk_b, lightli_ossuary_entry_decrepit_ruins
Temple:   regret_index_temple_sphere_string

Skill      XL: |  1  2  3  4 |
---------------+-------------+-----
Fighting       | 1 |  1.8
Stealth        | 2 |  2.1
Evocations     | 5 |  5.7
Short Blades   | 2 |  2.0
Dodging        | 4 |  4.3

Action                   |  1- 3 |  4- 6 || total
-------------------------+-------+-------++-------
Melee: Short sword       |    38 |    66 ||   104
Evoke: Wand              |     9 |    19 ||    28
 Stab: Sleeping          |     2 |     1 ||     3
Armor: Robe              |     4 |    14 ||    18
Dodge: Dodged            |    38 |   169 ||   207

Table legend:
 A = Spawn XP
 B = Non-spawn XP
 C = Spawn XP percentage of total XP
 D = Spawn monster count
 E = Non-spawn monster count
 F = Spawn count percentage of total count
 G = Total turns spent on level
                    A         B        C        D         E        F      G
               +---------+---------+-------+---------+---------+-------+---------
         Total |       0 |     191 |   0.0 |       0 |      35 |   0.0 |  3773
               +---------+---------+-------+---------+---------+-------+---------
           D:2 |       0 |      52 |   0.0 |       0 |       8 |   0.0 |   812
           D:3 |       0 |      22 |   0.0 |       0 |      13 |   0.0 |   345
           D:4 |       0 |      62 |   0.0 |       0 |       9 |   0.0 |  1402
           D:5 |       0 |       7 |   0.0 |       0 |       3 |   0.0 |   778
           D:6 |       0 |      48 |   0.0 |       0 |       2 |   0.0 |   322
               +---------+---------+-------+---------+---------+-------+---------
